 Dungeon Crawl Stone Soup version 0.21.1-1-g345015f (webtiles) character file.

3264 infcreate the Cleaver (level 9, -5/79 HPs)
             Began as a Minotaur Fighter on May 3, 2018.
             Was an Initiate of Okawaru.
             Killed by divine providence
             ... invoked by an orc priest
              (12 damage)
             ... on level 6 of the Dungeon.
             The game lasted 00:32:17 (5298 turns).

infcreate the Cleaver (Minotaur Fighter)            Turns: 5298, Time: 00:32:19

Health: -5/79      AC: 17    Str: 24    XL:     9   Next: 68%
Magic:  8/8        EV:  7    Int:  5    God:    Okawaru [......]
Gold:   415        SH: 13    Dex: 10    Spells: 8/8 levels left

rFire    + . .     SeeInvis .   a - +0 war axe
rCold    . . .     Gourm    .   c - +1 shield
rNeg     . . .     Faith    .   v - +0 chain mail
rPois    +         Spirit   .   (helmet restricted)
rElec    .         Reflect  .   b - +2 cloak {+Inv}
rCorr    .         Harm     .   s - +2 pair of gloves
MR       .....                  (no boots)
Stlth    ..........             (no amulet)
HPRegen  0.23/turn              g - ring of poison resistance
MPRegen  0.11/turn              k - ring of protection from fire

@: no status effects
A: retaliatory headbutt, horns 2
a: Renounce Religion, Evoke Invisibility


You were on level 6 of the Dungeon.
You worshipped Okawaru.
Okawaru was noncommittal.
You were not hungry.

You visited 2 branches of the dungeon, and saw 7 of its levels.
You also visited: Sewer.

You collected 415 gold pieces.

Inventory:

Hand Weapons
 a - a +0 war axe (weapon)
Armour
 b - a +2 cloak of invisibility (worn)
 c - a +1 shield (worn)
 s - a +2 pair of gloves (worn)
 v - a +0 chain mail (worn)
Jewellery
 g - a ring of poison resistance (left hand)
 k - a ring of protection from fire (right hand)
 B - an uncursed ring of magical power {unknown}
Wands
 y - a wand of paralysis (8)
Scrolls
 e - 4 scrolls of fog
 h - 2 scrolls of remove curse {unknown}
 i - 7 scrolls of teleportation
 j - 3 scrolls of enchant armour
 m - a scroll of random uselessness {unknown}
 n - 3 scrolls of identify {unknown}
 p - a scroll of immolation {unknown}
 q - a scroll of amnesia {unknown}
 r - 2 scrolls of blinking
 t - 5 scrolls of magic mapping
 u - a scroll of noise {unknown}
Potions
 d - 6 potions of might
 l - a potion of experience {unknown}
 o - 6 potions of curing {unknown}
 w - 4 potions of haste {unknown}
 x - a potion of magic {unknown}
 z - 2 potions of heal wounds {unknown}
 A - a potion of lignification {unknown}
Books
 D - a book of Frost

   Spells                             Type                      Level
   a - Freeze                         Ice                          1
   b - Throw Frost                    Conjuration/Ice              2
   c - Ozocubu's Armour               Charms/Ice                   3
   d - Throw Icicle                   Conjuration/Ice              4
   e - Summon Ice Beast               Ice/Summoning                4
Comestibles
 f - 11 rations
 C - a chunk of flesh


   Skills:
 + Level 7.2 Fighting
 + Level 10.8 Axes
 + Level 7.2 Armour
 + Level 9.5 Shields


You had 8 spell levels left.
You didn't know any spells.

Dungeon Overview and Level Annotations

Branches:
Dungeon (6/15)             Temple (1/1) D:6

Altars:
Ashenzari
Fedhas
Gozag
Makhleb
Okawaru
Qazlal
Ru
Sif Muna
Uskayaw
Vehumet
Wu Jian
Xom
Yredelemnul
Zin
The Shining One


Innate Abilities, Weirdness & Mutations

You reflexively headbutt those who attack you in melee.
You have a pair of horns on your head.


Message History

* * * LOW HITPOINT WARNING * * *
The orc throws a stone.
The stone barely misses you.
You closely miss the orc warrior.
The orc warrior is almost dead.
You closely miss the orc priest. You block the orc priest's attack.
You block the orc warrior's attack.
You barely miss the orc priest.
You hit the orc warrior but do no damage.
You block the orc priest's attack.
The orc warrior hits you with a scimitar.
* * * LOW HITPOINT WARNING * * *
The orc throws a stone.
The stone barely misses you.
You see here a stone.
You slash the orc warrior!
You kill the orc warrior!
Okawaru accepts your kill.
You hit the orc priest.
The orc priest mumbles some strange prayers to Beogh against you.
Beogh smites you!
You die...

###.......)....#....##........
#............#.....#........
#.....o..(...#.....#........
#..........).#.....#........
#............#.....#........
#.........(..#.....#........
#............#.....#........
##........)o##.....####'#..)
#.........@#......#....#...
>.........#......#....#...
.........#......'....#...
.........#......#....#...
.........#......#....#...
.........#'##...######...
.#####......##'## ###'
#......#.... ... #......#.....
....


You could see an orc priest and an orc.

Vanquished Creatures
  Pikel (D:5)
  The ghost of TinyReaver the Fighter, a novice OgBe of Trog (D:4)
  Sigmund (D:2)
  Eustachio (D:6)
  An orc warrior (D:6)
  An ogre (D:4)
  2 ice beasts (D:5)
  A phantom (D:4)
  2 big kobolds (D:5)
  2 bullfrogs (Sewer)
  A wyvern skeleton (D:6)
  5 killer bees
  A bullfrog zombie (D:6)
  2 crimson imps (D:6)
  2 hounds
  A centaur skeleton (D:5)
  Crazy Yiuf (D:2)
  2 bullfrog skeletons (D:6)
  7 orc priests
  An iguana (D:6)
  2 orc wizards
  3 worker ants
  A worker ant zombie (D:5)
  6 gnolls (D:5)
  8 river rats (Sewer)
  12 adders
  4 oozes
  An adder skeleton (D:4)
  2 worms (D:3)
  A dart slug (D:5)
  7 leopard geckos
  11 orcs
  10 ball pythons (Sewer)
  6 giant cockroaches
  27 goblins
  26 hobgoblins
  2 jackals (D:2)
  3 quokkas
  11 bats
  5 frilled lizards
  10 kobolds
  27 rats
221 creatures vanquished.

Vanquished Creatures (others)
  A leopard gecko (D:5)
  A goblin (D:5)
  A hobgoblin (D:5)
3 creatures vanquished.

Grand Total: 224 creatures vanquished

Notes
Turn   | Place    | Note
-------+----------+-------------------------------------------
     0 | D:1      | infcreate the Minotaur Fighter began the quest for the Orb.
     0 | D:1      | Reached XP level 1. HP: 19/19 MP: 0/0
   152 | D:1      | Reached XP level 2. HP: 23/27 MP: 1/1
   497 | D:1      | Reached XP level 3. HP: 32/33 MP: 2/2
   712 | D:2      | Reached skill level 3 in Axes
   991 | D:2      | Reached XP level 4. HP: 36/40 MP: 3/3
  1044 | D:2      | Found a runed door.
  1213 | D:2      | Noticed Crazy Yiuf
  1222 | D:2      | Killed Crazy Yiuf
  1426 | D:2      | Noticed Sigmund
  1435 | D:2      | Killed Sigmund
  1435 | D:2      | Reached skill level 5 in Axes
  1435 | D:2      | Reached skill level 5 in Shields
  1435 | D:2      | Reached XP level 5. HP: 47/47 MP: 4/4
  1594 | D:3      | Found a radiant altar of Vehumet.
  1620 | D:3      | Found a glowing drain.
  1628 | D:3      | Reached XP level 6. HP: 52/53 MP: 5/5
  1639 | Sewer    | Entered a sewer
  1731 | Sewer    | Reached skill level 5 in Armour
  1918 | Sewer    | Reached skill level 6 in Axes
  1919 | Sewer    | Reached XP level 7. HP: 37/60 MP: 6/6
  2049 | D:3      | Found a faded altar of an unknown god.
  2115 | D:3      | Found a stormy altar of Qazlal.
  2419 | D:3      | Found a burning altar of Makhleb.
  2515 | D:4      | Noticed TinyReaver's ghost (novice OgBe)
  2528 | D:4      | Reached skill level 5 in Fighting
  2855 | D:4      | Killed TinyReaver's ghost
  2855 | D:4      | Reached skill level 7 in Axes
  2855 | D:4      | Reached XP level 8. HP: 29/70 MP: 7/7
  3450 | D:4      | Reached skill level 8 in Axes
  3493 | D:5      | Entered Level 5 of the Dungeon
  3733 | D:5      | Noticed a dagger
  3808 | D:5      | Found a hide-covered altar of Uskayaw.
  3811 | D:5      | Noticed a hand axe
  3827 | D:5      | Noticed Pikel
  3846 | D:5      | Killed Pikel
  3846 | D:5      | Reached skill level 9 in Axes
  3846 | D:5      | Reached XP level 9. HP: 75/78 MP: 8/8
  4394 | D:5      | Reached skill level 10 in Axes
  4738 | D:6      | Found a staircase to the Ecumenical Temple.
  4765 | Temple   | Entered the Ecumenical Temple
  5047 | Temple   | Became a worshipper of Warmaster Okawaru
  5179 | D:6      | Noticed Eustachio
  5204 | D:6      | Killed Eustachio
  5298 | D:6      | Killed from afar by an orc priest

Skill      XL: |  1  2  3  4  5  6  7  8  9 |
---------------+----------------------------+-----
Armour         | 4 5 6 7 |  7.2
Shields        | 4 5 6 7 8 9 |  9.5
Fighting       | 4 5 6 7 |  7.2
Axes           | 3 5 6 7 9 10 | 10.8

Action                   |  1- 3 |  4- 6 |  7- 9 || total
-------------------------+-------+-------+-------++-------
Melee: War axe           |   101 |   128 |   345 ||   574
       Headbutt          |    16 |    21 |    62 ||    99
  Use: Scroll            |       |     2 |     3 ||     5
  Eat: Chunk             |       |     1 |     7 ||     8
       Ration            |       |     1 |     1 ||     2
Armor: Scale mail        |    56 |       |       ||    56
       Chain mail        |       |   111 |   156 ||   267
Dodge: Dodged            |    36 |    57 |    83 ||   176
Block: Shield            |    61 |   103 |   260 ||   424
